 Dungeon Crawl Stone Soup version 0.25-a0-10-g2fe12d4386 (webtiles) character file.

Game seed: 4205300955411645584, levelgen mode: deterministic

905 Mattoad the Basher (level 7, -4/99 HPs)
             Began as a Minotaur Berserker on Oct 14, 2019.
             Was an Elder of Trog.
             Slain by an orc warrior
             ... wielding a +0 glaive
              (19 damage)
             ... on level 6 of the Dungeon on Oct 15, 2019.
             The game lasted 00:29:08 (5089 turns).

Mattoad the Basher (Minotaur Berserker)             Turns: 5089, Time: 00:29:09

Health: -4/99      AC: 10    Str: 29    XL:     7   Next: 80%
Magic:  6/6        EV:  9    Int:  4    God:    Trog [****..]
Gold:   271        SH:  0    Dex:  9    Spells: 6/6 levels left

rFire    . . .     SeeInvis .   a - +0 mace
rCold    . . .     Gourm    .   (no shield)
rNeg     . . .     Faith    .   j - +0 chain mail
rPois    .         Spirit   .   (helmet restricted)
rElec    .         Reflect  .   i - +0 cloak
rCorr    .         Harm     .   (no gloves)
MR       .....                  (no boots)
Stlth    ..........             (no amulet)
HPRegen  0.26/turn              (no ring)
MPRegen  0.10/turn              (no ring)

@: berserking, very quick
A: retaliatory headbutt, horns 2
a: Berserk, Trog's Hand, Brothers in Arms, Renounce Religion


You were on level 6 of the Dungeon.
You worshipped Trog.
Trog was greatly pleased with you.
You were hungry.

You visited 1 branch of the dungeon, and saw 6 of its levels.

You collected 271 gold pieces.

Inventory:

Hand Weapons
 a - a +0 mace (weapon)
Armour
 i - a +0 cloak (worn)
 j - a +0 chain mail (worn)
Jewellery
 b - an uncursed ring of wizardry {unknown}
Scrolls
 f - 7 scrolls of remove curse {unknown}
 g - 3 scrolls of teleportation {unknown}
 h - 2 scrolls of enchant weapon {unknown}
 k - 3 scrolls of enchant armour {unknown}
 l - a scroll of immolation {unknown}
 m - a scroll of amnesia {unknown}
 q - 4 scrolls of identify {unknown}
Potions
 d - 2 potions of flight {unknown}
 e - a potion of magic {unknown}
 n - 2 potions of haste {unknown}
 o - a potion of might {unknown}
 p - 2 potions of mutation {unknown}
 r - a potion of brilliance {unknown}
Comestibles
 c - 4 rations


   Skills:
 + Level 7.1 Fighting
 + Level 9.1 Maces & Flails
 - Level 2.7 Armour
 - Level 2.8 Dodging
 - Level 0.2 Stealth


You had 6 spell levels left.
You didn't know any spells.
Your spell library was empty.

Dungeon Overview and Level Annotations

Branches:
Dungeon (6/15)             Temple (0/1) D:4

Altars:
Fedhas
Gozag
Hepliaklqana
Okawaru
Trog
Wu Jian

Shops:
D:6 :


Innate Abilities, Weirdness & Mutations

You reflexively headbutt those who attack you in melee.
You have a pair of horns on your head.


Message History

Something hits you but does no damage.
You closely miss something. Something hits you but does no damage.
You barely miss something. Something completely misses you.
The orc warrior barely misses you.
You completely miss something.
Something hits you but does no damage. x2
Your chain mail prevents you from hitting something.
Your headbutt misses something.
The orc warrior hits you but does no damage.
A sky beast appears from thin air!
Reactivating autopickup.
The sky beast barely misses you.
Deactivating autopickup; reactivate with Ctrl-A.
You completely miss something. Your headbutt misses something.
Something hits you but does no damage.
You barely miss something. The sky beast hits you.
* * * LOW HITPOINT WARNING * * *
The sky beast shocks you.
* * * LOW HITPOINT WARNING * * *
The orc warrior hits you from afar with a +0 glaive!!
You die...

#..... #.....
.#....####
.........###
#.........#
#....o...#
#...){Y..#
#..)@...##
#........#
###......##
##.......#
#........##
#.....#...#
##.....#...####
#<............###
#....♣..........#


You could see an orc warrior and a sky beast.

Vanquished Creatures
  An ice beast (D:5)
  An ogre (D:5)
  A scorpion (D:5)
  A howler monkey (D:5)
  3 crimson imps (D:5)
  9 orc wizards
  2 orc priests
  2 iguanas (D:4)
  2 adders
  A shadow imp (D:5)
  An ooze (D:1)
  2 adder skeletons
  3 worms
  2 dart slugs
  3 leopard geckos
  31 orcs
  10 bats
  9 giant cockroaches
  7 goblins
  6 hobgoblins
  7 jackals (D:1)
  7 kobolds
  A quokka (D:5)
  A ball python (D:1)
  3 frilled lizards
  A leopard gecko skeleton (D:5)
  A quokka skeleton (D:5)
  8 rats
126 creatures vanquished.

Notes
Turn   | Place    | Note
-------+----------+-------------------------------------------
     0 | D:1      | Mattoad the Minotaur Berserker began the quest for the Orb.
     0 | D:1      | Reached XP level 1. HP: 19/19 MP: 0/0
   543 | D:1      | Reached XP level 2. HP: 27/27 MP: 1/1
   547 | D:1      | Reached skill level 4 in Maces & Flails
   655 | D:1      | Reached XP level 3. HP: 32/33 MP: 2/2
   705 | D:1      | Reached ** piety under Trog
  1468 | D:3      | Reached XP level 4. HP: 23/41 MP: 3/3
  1890 | D:3      | Found an ornate altar of the Wu Jian Council.
  1891 | D:3      | Found an opulent altar of Gozag.
  1934 | D:3      | Reached skill level 5 in Maces & Flails
  1951 | D:3      | Reached skill level 5 in Fighting
  1951 | D:3      | Reached XP level 5. HP: 25/48 MP: 4/4
  2477 | D:4      | Found a staircase to the Ecumenical Temple.
  2571 | D:4      | Reached *** piety under Trog
  2594 | D:4      | Reached skill level 6 in Maces & Flails
  2742 | D:4      | Reached XP level 6. HP: 28/56 MP: 5/5
  2947 | D:4      | Found a blossoming altar of Fedhas.
  2949 | D:4      | Found an iron altar of Okawaru.
  2950 | D:4      | Found a hazy altar of Hepliaklqana.
  3498 | D:4      | Found a bloodstained altar of Trog.
  3501 | D:4      | Upgraded the game from 0.25-a0-2-g6559c6c67a to
                  | 0.25-a0-10-g2fe12d4386
  3681 | D:5      | Entered Level 5 of the Dungeon
  3693 | D:5      | Reached skill level 7 in Maces & Flails
  3761 | D:5      | Reached **** piety under Trog
  3761 | D:5      | Reached XP level 7. HP: 48/63 MP: 6/6
  3859 | D:5      | Reached skill level 8 in Maces & Flails
  4769 | D:5      | Reached skill level 9 in Maces & Flails
  5042 | D:6      | Found Ocrivit's Book Shop.
  5089 | D:6      | Slain by an orc warrior

Levels and vault maps discovered:
D:1:      nzn_arrival_crosshair, layout_basic
D:2:      layout_basic
D:3:      layout_rooms, gammafunk_temple_overflow_statue, first_ration
D:4:      layout_loops_ring, kennysheep_mini_moat, minitemple,
          minmay_temple_entry_waves, gup_sewer_entry_bowl
D:5:      layout_basic
D:6:      wander_guarded_unrand_ratskin, layout_cave_pods, kennysheep_mini,
          gammafunk_ghost_necromancy, serial_shops, nicolae_shop_statue_plus,
          nicolae_shop_trees, shop, shop, minmay_misc_feat_pillars, uniq_edmund

Skill      XL: |  1  2  3  4  5  6  7 |
---------------+----------------------+-----
Maces & Flails | 4 5 6 7 9 |  9.1
Fighting       | 4 5 6 7 |  7.1
Armour         | |  2.7
Dodging        | |  2.8
Stealth        | |  0.2

Action                   |  1- 3 |  4- 6 |  7- 9 || total
-------------------------+-------+-------+-------++-------
Melee: Mace              |    92 |   171 |    70 ||   333
       Headbutt          |     9 |    28 |     9 ||    46
Invok: Berserk           |       |     3 |     1 ||     4
 Stab: Sleeping          |     1 |       |       ||     1
  Eat: Chunk             |     1 |     4 |     1 ||     6
       Ration            |     1 |     1 |     1 ||     3
Armor: Animal skin       |    21 |       |       ||    21
       Chain mail        |     6 |   124 |    50 ||   180
Dodge: Dodged            |    82 |    94 |    31 ||   207

Table legend:
 A = Non-vault XP
 B = Vault XP
 C = Vault XP percentage of total XP
 D = Non-vault monster count
 E = Vault monster count
 F = Vault count percentage of total count
                 A         B        C        D         E       F
            +---------+---------+-------+---------+---------+-------
      Total |    1286 |       8 |   0.6 |     122 |       4 |   3.2
            +---------+---------+-------+---------+---------+-------
        D:1 |      50 |       0 |   0.0 |      29 |       0 |   0.0
        D:2 |      33 |       0 |   0.0 |      16 |       0 |   0.0
        D:3 |     143 |       0 |   0.0 |      24 |       0 |   0.0
        D:4 |     288 |       8 |   2.7 |      21 |       4 |  16.0
        D:5 |     727 |       0 |   0.0 |      29 |       0 |   0.0
        D:6 |      45 |       0 |   0.0 |       3 |       0 |   0.0
            +---------+---------+-------+---------+---------+-------
